 Dungeon Crawl Stone Soup version 0.28-a0-895-g6e5f11bd55 (webtiles) character file.

Game seed: 17429271774776899822

1034744 hellse the Conqueror (level 27, -30/297 (315) HPs)
             Began as a Minotaur Fighter on Nov 21, 2021.
             Was the Champion of the Shining One.
             Annihilated by an iron giant (40 damage)
             ... in the Vestibule of Hell on Nov 22, 2021.
             The game lasted 03:25:10 (94943 turns).

hellse the Conqueror (Minotaur Fighter)            Turns: 94943, Time: 03:25:10

HP:   -30/297 (315) AC: 44    Str: 31    XL:     27
MP:   39/39         EV: 20    Int:  4    God:    the Shining One [******]
Gold: 3361          SH: 17    Dex: 20    Spells: 26/26 levels left

rFire   + + +      SeeInvis +   b - +8 mithril axe "Arga" {speed, Will+}
rCold   + + +      Faith    .   S - +0 kite shield of Irucoe {rC+ Int-2 Slay+3 SInv}
rNeg    + + +      Spirit   .   v - +12 gold dragon scales
rPois   +          Reflect  .   f - -2 hat of the Alchemist {rElec rPois rF+ rC+ rN+ Will+ rMut rCorr}
rElec   +          Harm     .   V - scarf {repulsion}
rCorr   +          Rampage  +   Q - +1 pair of gloves of Youthful Indiscretion {Str+4 SInv}
rMut    +                       P - +2 pair of boots {rampage}
Will    ++++.                   y - amulet of Vitality {Regen+ HP+15}
Stlth   ..........              U - ring of Fatruolluc {+Blink rN+ Int-2 Dex+4 Slay+3}
HPRegen 1.59/turn               s - ring of Qusmubio {rPois rC+ Str+2 Int+2 Dex-2 Slay+4}
MPRegen 0.26/turn

@: glowing, studying 2 skills, drained, repel missiles
A: horns 2, retaliatory headbutt, talons 1, fire resistance 1, robust 1,
screaming 1
}: 12/15 runes: barnacled, slimy, silver, obsidian, icy, abyssal, demonic,
glowing, magical, fiery, dark, gossamer
a: Renounce Religion, Evoke Blink, Divine Shield, Cleansing Flame, Summon Divine
Warrior


You were in the Vestibule of Hell.
You worshipped the Shining One.
The Shining One was exalted by your worship.
You visited 16 branches of the dungeon, and saw 74 of its levels.
You visited Pandemonium 1 time, and saw 11 of its levels.
You visited the Abyss 3 times.
You visited 1 bazaar.
You visited 1 ziggurat, and saw 14 of its levels.
You also visited: Gauntlet, Ice Cave and Wizlab.

You collected 10591 gold pieces.
You spent 7230 gold pieces at shops.

Inventory:

Hand Weapons
 a - a +9 sacred scourge of holy wrath
 b - the +8 mithril axe "Arga" (weapon) {speed, Will+}
   (Okawaru gifted it to you on level 4 of the Spider Nest)

   Attacks with this weapon are significantly faster.
   Will:      It increases your willpower.
 c - a +9 eveningstar of freezing
Missiles
 X - 29 silver javelins
 Y - 41 javelins (quivered)
Armour
 f - the -2 hat of the Alchemist (worn) {rElec rPois rF+ rC+ rN+ Will+ rMut rCorr}
   (You found it on level 3 of the Elven Halls)

   rF:        It protects you from fire.
   rC:        It protects you from cold.
   rElec:     It insulates you from electricity.
   rPois:     It protects you from poison.
   rN:        It protects you from negative energy.
   rCorr:     It protects you from acid and corrosion.
   rMut:      It protects you from mutation.
   Will:      It increases your willpower.
 v - +12 gold dragon scales (worn)
 M - the +0 kite shield "Otiko Puo" {Drain rElec Will+ SInv}
   (You found it on level 5 of the Dungeon)

   rElec:     It insulates you from electricity.
   SInv:      It lets you see invisible.
   Drain:     It drains your maximum health when unequipped.
   Will:      It increases your willpower.
 P - a +2 pair of boots of rampaging (worn)
 Q - the +1 pair of gloves of Youthful Indiscretion (worn) {Str+4 SInv}
   (Okawaru gifted it to you on level 2 of the Lair of Beasts)

   Str:       It affects your strength (+4).
   SInv:      It lets you see invisible.
 S - the +0 kite shield of Irucoe (worn) {rC+ Int-2 Slay+3 SInv}
   (Okawaru gifted it to you on level 4 of the Shoals)

   Int:       It affects your intelligence (-2).
   Slay:      It affects your accuracy & damage with ranged weapons and melee
   (+3).
   rC:        It protects you from cold.
   SInv:      It lets you see invisible.
 V - a scarf of repulsion (worn)
Jewellery
 h - a ring of the Octopus King {Fly AC+1 EV+1 Str+1 Int+1 Dex+1}
   (You bought it in a shop on level 7 of the Dungeon)

   [ring of flight]

   AC:        It affects your AC (+1).
   EV:        It affects your evasion (+1).
   Str:       It affects your strength (+1).
   Int:       It affects your intelligence (+1).
   Dex:       It affects your dexterity (+1).
   Fly:       It grants you flight.
 s - the ring of Qusmubio (right hand) {rPois rC+ Str+2 Int+2 Dex-2 Slay+4}
   (You acquired it on level 3 of the Crypt)

   [ring of slaying]

   Str:       It affects your strength (+2).
   Int:       It affects your intelligence (+2).
   Dex:       It affects your dexterity (-2).
   Slay:      It affects your accuracy & damage with ranged weapons and melee
   (+4).
   rC:        It protects you from cold.
   rPois:     It protects you from poison.
 w - the ring of Moral Flaws {rPois rF+ Str+4 Int+4 Dex-2}
   (You found it on level 10 of a ziggurat)

   [ring of poison resistance]

   Str:       It affects your strength (+4).
   Int:       It affects your intelligence (+4).
   Dex:       It affects your dexterity (-2).
   rF:        It protects you from fire.
   rPois:     It protects you from poison.
 y - the amulet of Vitality (around neck) {Regen+ HP+15}
   (You found it on level 7 of Gehenna)

   [amulet of regeneration]

   HP:        It affects your health (+15).
   Regen:     It increases your rate of health regeneration.
 C - a ring of wizardry
 E - a +4 ring of slaying
 F - the amulet of Beauty {Rampage Regen+ Dex+3}
   (You bought it in a shop on level 3 of the Depths)

   [amulet of regeneration]

   Dex:       It affects your dexterity (+3).
   Regen:     It increases your rate of health regeneration.
   Rampage:   It bestows one free step when moving towards enemies.
 H - an amulet of guardian spirit
 J - a ring of willpower
 L - the ring "Qodeus" {rF+ rCorr MP+9 Str+3 Dex-2}
   (You found it on level 5 of the Pits of Slime)

   [ring of protection from fire]

   Str:       It affects your strength (+3).
   Dex:       It affects your dexterity (-2).
   rF:        It protects you from fire.
   MP:        It affects your magic capacity (+9).
   rCorr:     It protects you from acid and corrosion.
 U - the ring of Fatruolluc (left hand) {+Blink rN+ Int-2 Dex+4 Slay+3}
   (You found it on level 7 of Gehenna)

   [ring of positive energy]

   Int:       It affects your intelligence (-2).
   Dex:       It affects your dexterity (+4).
   Slay:      It affects your accuracy & damage with ranged weapons and melee
   (+3).
   rN:        It protects you from negative energy.
   +Blink:    It lets you blink.
Wands
 q - a wand of acid (62)
 I - a wand of iceblast (112)
 W - a wand of digging (13)
Scrolls
 i - 19 scrolls of fog
 k - a scroll of silence
 o - 28 scrolls of teleportation
 p - 11 scrolls of blinking
 r - 4 scrolls of fear
 B - 6 scrolls of holy word
 N - 4 scrolls of enchant armour
 O - 49 scrolls of identify
 T - a scroll of summoning
 Z - 8 scrolls of magic mapping
Potions
 d - 11 potions of might
 e - 18 potions of lignification
 g - 9 potions of attraction
 j - 33 potions of curing
 l - 17 potions of mutation
 m - 13 potions of heal wounds
 t - 7 potions of berserk rage
 u - 3 potions of cancellation
 x - 6 potions of haste
 z - 9 potions of flight
 A - 7 potions of magic
 D - 9 potions of brilliance
 R - 4 potions of resistance
Miscellaneous
 n - a phial of floods
 G - a lightning rod (4/4)
 K - a piece from Xom's chessboard (15/15)


   Skills:
 O Level 27 Fighting
 - Level 12.2(18.0) Axes
 - Level 21.0(22.1) Maces & Flails
 O Level 27 Throwing
 O Level 27 Armour
 - Level 21.0 Dodging
 - Level 21.0 Shields
 O Level 27 Invocations
 + Level 11.3 Evocations


You had 26 spell levels left.
You didn't know any spells.
Your spell library contained the following spells:

 Spells                   Type           Power      Damage    Failure   Level
 Animate Skeleton         Necr           0%         N/A       96%         1
 Apportation              Tloc           0%         N/A       96%         1
 Foxfire                  Conj/Fire      0%         2x1d4     96%         1
 Freeze                   Ice            0%         1d3       96%         1
 Magic Dart               Conj           0%         1d3       96%         1
 Pain                     Necr           0%         1d4       96%         1
 Sandblast                Erth           0%         2d4       96%         1
 Shock                    Conj/Air       0%         1d3       96%         1
 Slow                     Hex            0%         N/A       96%         1
 Sting                    Tmut/Pois      0%         1d3       96%         1
 Summon Small Mammal      Summ           0%         N/A       96%         1
 Blink                    Tloc           0%         N/A       99%         2
 Corpse Rot               Necr/Air       0%         N/A       99%         2
 Ensorcelled Hibernation  Hex/Ice        0%         N/A       99%         2
 Passwall                 Tmut/Erth      0%         N/A       99%         2
 Poisonous Vapours        Pois/Air       0%         N/A       99%         2
 Scorch                   Fire           0%         2d5       99%         2
 Searing Ray              Conj           0%         2d4       99%         2
 Static Discharge         Conj/Air       0%         N/A       99%         2
 Sublimation of Blood     Necr           0%         N/A       99%         2
 Wereblood                Tmut           0%         N/A       99%         2
 Call Canine Familiar     Summ           0%         N/A       100%        3
 Confusing Touch          Hex            0%         N/A       100%        3
 Conjure Flame            Conj/Fire      0%         6-21      100%        3
 Dazzling Flash           Conj/Hex       0%         N/A       100%        3
 Frozen Ramparts          Ice            0%         1d2       100%        3
 Gell's Gravitas          Tloc           0%         N/A       100%        3
 Ignite Poison            Fire/Tmut/Pois 0%         N/A       100%        3
 Inner Flame              Hex/Fire       0%         N/A       100%        3
 Lesser Beckoning         Tloc           0%         N/A       100%        3
 Mephitic Cloud           Conj/Pois/Air  0%         N/A       100%        3
 Ozocubu's Armour         Ice            0%         N/A       100%        3
 Portal Projectile        Hex/Tloc       0%         N/A       100%        3
 Spider Form              Tmut/Pois      0%         N/A       100%        3
 Stone Arrow              Conj/Erth      0%         3d7       100%        3
 Summon Guardian Golem    Hex/Summ       0%         N/A       100%        3
 Swiftness                Air            0%         N/A       100%        3
 Teleport Other           Tloc           0%         N/A       100%        3
 Vampiric Draining        Necr           0%         2d6       100%        3
 Airstrike                Air            0%         N/A       100%        4
 Animate Dead             Necr           0%         N/A       100%        4
 Cause Fear               Hex            0%         N/A       100%        4
 Dispel Undead            Necr           0%         3d6       100%        4
 Flame Wave               Conj/Fire      0%         3d3       100%        4
 Fulminant Prism          Conj/Hex       0%         3d6       100%        4
 Hailstorm                Conj/Ice       0%         3d3       100%        4
 Ice Form                 Ice/Tmut       0%         N/A       100%        4
 Iskenderun's Mystic Bla  Conj/Tloc      0%         2d3       100%        4
 Leda's Liquefaction      Hex/Erth       0%         N/A       100%        4
 Olgreb's Toxic Radiance  Pois           0%         N/A       100%        4
 Passage of Golubria      Tloc           0%         N/A       100%        4
 Petrify                  Tmut/Erth      0%         N/A       100%        4
 Sticky Flame             Conj/Fire      0%         2d3       100%        4
 Summon Ice Beast         Ice/Summ       0%         N/A       100%        4
 Summon Lightning Spire   Summ/Air       0%         N/A       100%        4
 Agony                    Necr           0%         N/A       100%        5
 Alistair's Intoxication  Tmut/Pois      0%         N/A       100%        5
 Blade Hands              Tmut           0%         N/A       100%        5
 Borgnjor's Vile Clutch   Necr/Erth      0%         N/A       100%        5
 Excruciating Wounds      Necr           0%         N/A       100%        5
 Freezing Cloud           Conj/Ice/Air   0%         6-21      100%        5
 Irradiate                Conj/Tmut      0%         3d13      100%        5
 Lee's Rapid Deconstruct  Erth           0%         3d5*      100%        5
 Lightning Bolt           Conj/Air       0%         1d11      100%        5
 Manifold Assault         Tloc           0%         N/A       100%        5
 Metabolic Englaciation   Hex/Ice        0%         N/A       100%        5
 Silence                  Hex/Air        0%         N/A       100%        5
 Summon Forest            Summ/Tloc      0%         N/A       100%        5
 Summon Mana Viper        Hex/Summ       0%         N/A       100%        5
 Yara's Violent Unravell  Hex/Tmut       0%         3d3       100%        5
 Dispersal                Tloc           0%         N/A       100%        6
 Eringya's Noxious Bog    Tmut/Pois      0%         N/A       100%        6
 Iron Shot                Conj/Erth      0%         9d1       100%        6
 Simulacrum               Ice/Necr       0%         N/A       100%        6
 Starburst                Conj/Fire      0%         6d3       100%        6
 Statue Form              Tmut/Erth      0%         N/A       100%        6
 Summon Cactus Giant      Summ           0%         N/A       100%        6
 Dragon Form              Tmut           0%         N/A       100%        7
 Malign Gateway           Summ/Tloc      0%         N/A       100%        7
 Monstrous Menagerie      Summ           0%         N/A       100%        7
 Orb of Destruction       Conj           0%         N/A       100%        7
 Ozocubu's Refrigeration  Ice            0%         4d5       100%        7
 Spellforged Servitor     Conj/Summ      0%         N/A       100%        7
 Summon Hydra             Summ           0%         N/A       100%        7
 Borgnjor's Revivificati  Necr           0%         N/A       100%        8
 Discord                  Hex            0%         N/A       100%        8
 Disjunction              Tloc           0%         N/A       100%        8
 Ignition                 Fire           0%         3d3       100%        8
 Infestation              Necr           0%         N/A       100%        8
 Lehudib's Crystal Spear  Conj/Erth      0%         10d2      100%        8
 Maxwell's Capacitive Co  Air            0%         ∞         100%        8
 Chain Lightning          Conj/Air       0%         N/A       100%        9
 Dragon's Call            Summ           0%         N/A       100%        9
 Fire Storm               Conj/Fire      0%         5d1       100%        9
 Shatter                  Erth           0%         3d5*      100%        9


Dungeon Overview and Level Annotations

Branches:
Dungeon (15/15)            Temple (1/1) D:7            Lair (6/6) D:8
 Shoals (4/4) Lair:3       Spider (4/4) Lair:2        Slime (5/5) Lair:6
    Orc (2/2) D:12            Elf (3/3) Orc:2        Vaults (5/5) D:14
  Crypt (3/3) Vaults:3       Tomb (0/3) Crypt:3      Depths (4/4) D:15
   Hell (1/1)                 Dis (3/7) Hell            Geh (7/7) Hell
    Coc (7/7) Hell            Tar (0/7) Hell            Zot (4/5) Depths:4
  IceCv (visited)          WizLab (visited)         Gauntlet (visited)

Altars:
Ashenzari
Cheibriados
Dithmenos
Elyvilon
Fedhas
Gozag
Hepliaklqana
Kikubaaqudgha
Makhleb
Nemelex Xobeh
Okawaru
Qazlal
Ru
Sif Muna
Trog
Uskayaw
Vehumet
Wu Jian
Xom
Yredelemnul
Zin
The Shining One
Jiyva
Lugonu

Shops:
D:3 !   D:7 *   D:10 [   D:14 *   Orc:2 (***   Vaults:3 :   Vaults:5 :(
Depths:3 :=:   Depths:4 !

Portals:
Hell: Depths:1 Depths:2 Depths:3 Depths:4
Abyss: Depths:2 Depths:3
Pandemonium: Depths:1 Depths:2 Depths:4

Annotations:
D:3 flight
Elf:3 need lightning rod from shoals


Innate Abilities, Weirdness & Mutations

You have a pair of horns on your head.
You reflexively headbutt those who attack you in melee.
You have sharp toenails.
Your flesh is heat resistant. (rF+)
You are robust. (+10% HP)
You occasionally shout uncontrollably at your foes.


Message History

Unknown command.
You block the iron giant's attack. x2
The iron giant throws the iron giant at you!
* * * LOW HITPOINT WARNING * * *
The iron giant throws the iron giant at you!
You block the iron giant's attack.
There is a gateway to Hell here.
You block the iron giant's attack. The iron giant closely misses you.
You furiously retaliate!
You headbutt the iron giant, but do no damage.
You go up through the gate.
Welcome back to the Vestibule of Hell!
There is a gateway to the Iron City of Dis here.
Unknown command.
You hit the iron giant. You headbutt the iron giant!
The iron giant is lightly wounded.
You slice the iron giant!! The iron giant barely misses you.
You block the iron giant's attack.
You slash the iron giant! You headbutt the iron giant.
The iron giant is moderately wounded.
You slice the iron giant!! You slice the iron giant!!
The iron giant is moderately wounded.
You slash the iron giant!
The iron giant hits you with a +0 giant club!!
* * * LOW HITPOINT WARNING * * *
You hit the iron giant but do no damage.
You headbutt the iron giant.
The iron giant is heavily wounded.
You hit the iron giant but do no damage.
You block the iron giant's attack.
You slash the iron giant! You headbutt the iron giant!
The iron giant is heavily wounded.
You hit the iron giant.
The iron giant hits you with a +0 giant club!!
* * * LOW HITPOINT WARNING * * *
You feel much better.
The iron giant hits you with a +0 giant club!!!
* * * LOW HITPOINT WARNING * * *
The iron giant hits you with a +0 giant club!!!
You die...

######### ##C#.#.#.##
##@#.#.#.#.##
#C###.#.#.#.##
####.#.#.#.#.#.##
##.#.#.#.#.#.#.#.#
##.#.#.#.#.#.#.#.####
#.#.#.#.#.#.#.#.#.#.#
##.###.#.#.#.#.#.#.##
##.#.#.#.#.#.#.#.## #
##.#.#.#.#.#.#.##


You could see 2 iron giants.

Vanquished Creatures
  Cerebov (Pan)
  Antaeus (Coc:7)
  Asmodeus (Geh:7)
  the Royal Jelly (Slime:5)
  Gloorx Vloq (Pan)
  the Serpent of Hell (Geh:7)
  Lom Lobon (Pan)
  Mnoleg (Pan)
  3 dread liches
  An orb of fire (Zot:4)
  Mara (Spider:3)
  5 ancient liches
  Mennas (Crypt:3)
  2 juggernauts
  2 royal mummies
  Sojobo (Crypt:1)
  Frederick (Crypt:3)
  Boris (twice) (Vaults:4 D:15)
  2 Killer Klowns
  32 shard shrikes
  Saint Roka (Crypt:1)
  The ghost of Ischegume the Hand of Fortune, a veteran HOFi of Nemelex Xobeh (Elf:3)
  Xtahua (Vaults:2)
  A curse toe (Crypt:3)
  Geryon (Hell)
  2 caustic shrikes
  The ghost of jasper the Hoplite, a veteran DjBe of Trog (Vaults:4)
  Arachne (Spider:3)
  8 pandemonium lords
  The ghost of Roudd the Devastator, a veteran GrEE of Lugonu (Crypt:2)
  11 golden dragons
  2 bone dragons
  Nikola (Spider:4)
  12 hellephants
  The ghost of Xadus the Executioner, an adept MiBe of Trog (Elf:2)
  4 iron giants
  13 Brimstone Fiends
  16 tentacled monstrosities
  Mlioglotl (Shoals:1)
  19 Ice Fiends
  9 liches
  4 Hell Sentinels
  A tainted leviathan (Hell)
  16 searing wretches
  An acid blob (shapeshifter) (Elf:3)
  17 titans
  7 quicksilver dragons
  11 acid blobs
  11 deep elf master archers
  4 deep elf blademasters
  A kraken (Abyss:3)
  18 Executioners
  18 ancient champions
  6 death cobs
  9 tengu reavers
  Kirke (Shoals:4)
  12 shadow dragons
  14 sphinxes
  The ghost of AlleluiaPinecone the Peltast, an adept HOFi of Ashenzari (Shoals:2)
  3 eldritch tentacles
  9 tentacled starspawn
  12 revenants
  22 storm dragons
  Donald (Vaults:3)
  35 fire giants
  2 fire giants (shapeshifter)
  5 rockslimes
  4 demonspawn warmongers
  The ghost of Usoddo Umaf the Arsonist, an adept DrFE of Sif Muna (Spider:2)
  5 deep elf sorcerers
  8 azure jellies
  4 draconian monks
  A frost giant (shapeshifter) (Zig:13)
  5 draconian knights
  10 narguns
  3 iron dragons
  22 frost giants
  15 vault wardens
  5 draconian scorchers
  3 quicksilver elementals
  20 cacodemons
  8 ghost moths
  3 caustic shrike zombies
  14 emperor scorpions
  2 orc warlords
  Aizul (Spider:4)
  3 deep elf elementalists (Elf:3)
  10 ghouls
  9 shard shrike simulacra
  2 juggernaut zombies
  28 balrugs
  5 draconian shifters
  7 curse skulls
  2 angels
  6 reapers
  3 draconian stormcallers
  25 ironbound preservers
  A spectral caustic shrike (WizLab)
  5 draconian annihilators
  5 war gargoyles
  A spriggan defender (Depths:3)
  4 demonspawn blood saints
  25 stone giants
  21 very ugly things
  A spectral titan (WizLab)
  3 demonspawn corrupters
  A stone giant (shapeshifter) (Zig:13)
  10 quicksilver oozes
  9 black draconians
  23 elemental wellsprings
  2 demonspawn black suns (Zig:14)
  7 vampire knights
  10 deep elf demonologists
  3 putrid mouths (Hell)
  5 green draconians
  4 minotaurs
  7 purple draconians
  5 lorocyprocas
  7 entropy weavers
  4 halazid warlocks (WizLab)
  9 red draconians
  12 white draconians
  4 spark wasps
  Azrael (Spider:3)
  18 blizzard demons
  10 dire elephants
  18 wendigos
  6 deep elf annihilators
  4 merfolk javelineers
  The ghost of Nieclary the Grappler, a journeyman TrTm of Cheibriados (Lair:3)
  16 yellow draconians
  10 eidola
  7 deep elf death magi
  A shambling mangrove (Abyss:3)
  3 crystal guardians
  4 iron golems
  12 fire dragons
  3 eleionomae (shapeshifter) (Zig:13)
  18 ettins
  2 quicksilver dragon zombies (WizLab)
  9 deep elf high priests
  16 green deaths
  12 jiangshi
  2 kraken zombies (Hell)
  4 merfolk impalers
  8 rakshasas
  6 hydras
  13 ice dragons
  30 vault guards
  A salamander tyrant (Geh:5)
  6 spriggan air magi
  11 yaktaur captains
  A quicksilver dragon skeleton (Abyss:3)
  9 great orbs of eyes
  10 ironbound thunderhulks
  9 juggernaut simulacra
  2 alligator snapping turtles
  6 caustic shrike simulacra
  5 hell beasts
  7 boulder beetles
  A ghost crab (Abyss:3)
  2 catoblepae
  2 peacekeepers
  12 centaur warriors
  10 ironbound frosthearts
  3 ogre magi
  An anaconda (shapeshifter) (Elf:3)
  10 two-headed ogres
  4 death knights
  13 satyrs
  31 dancing weapons
  5 merfolk avatars
  4 stokers
  7 merfolk aquamancers
  6 deep troll earth magi
  8 death yaks
  6 deep troll shamans
  An alligator (shapeshifter) (Elf:3)
  7 orc high priests
  4 spriggan berserkers
  25 hell hogs
  A titan zombie (WizLab)
  16 vampire magi
  4 hell knights
  11 thrashing horrors
  12 deep elf knights
  3 storm dragon zombies (Depths:2)
  3 crystal echidnas (Hell)
  26 sun demons
  7 soul eaters
  9 wretched stars
  Sonja (D:12)
  17 iron trolls
  A fire crab (Abyss:3)
  3 golden dragon zombies
  10 shadow wraiths
  3 spark wasp zombies
  23 skeletal warriors
  2 goliath frogs (Lair:6)
  A glowing orange brain (shapeshifter) (Vaults:4)
  2 spatial maelstroms (Abyss:3)
  10 sea snakes
  13 deep elf archers
  A bunyip zombie (Hell)
  23 sixfirhies
  56 deep trolls
  7 quicksilver dragon simulacra
  9 flayed ghosts
  3 anaconda zombies
  A spectral wolf spider (WizLab)
  4 shadow demons
  Pikel (D:6)
  4 obsidian statues
  A golden dragon skeleton (Crypt:1)
  18 wizards
  5 orange crystal statues
  7 orc knights
  20 phantasmal warriors
  13 lindwurms
  4 glowing orange brains
  A wolf spider zombie (WizLab)
  An anaconda skeleton (Crypt:3)
  32 deep elf pyromancers
  24 orb spiders
  2 iron giant skeletons
  30 harpies
  3 frost giant zombies
  36 wolf spiders
  14 ironbound convokers
  5 necromancers
  40 ugly things
  8 fauns
  A will-o-the-wisp (Abyss:2)
  2 stone giant zombies
  A sphinx zombie (Depths:2)
  A shadow dragon skeleton (Crypt:3)
  A fire giant zombie (Crypt:2)
  17 manticores
  7 orc sorcerers
  An oklob plant (Lair:4)
  A mana viper (Abyss:2)
  6 cyclopes
  A manticore (shapeshifter) (Depths:3)
  28 moths of wrath
  3 worldbinders
  35 deep elf zephyrmancers
  5 shining eyes
  8 elephants
  3 merfolk sirens
  A spectral spriggan (WizLab)
  A moth of wrath (shapeshifter) (Elf:3)
  A fire giant skeleton (Depths:1)
  4 centaur zombies
  A frost giant skeleton (Depths:1)
  A stone giant skeleton (Crypt:3)
  5 black mambas
  A dire elephant zombie (Crypt:3)
  21 vault sentinels
  2 gargoyles (D:13)
  5 rust devils
  26 smoke demons
  6 apocalypse crabs
  4 water nymphs (Shoals:4)
  3 eyes of devastation
  4 molten gargoyles (Hell)
  5 torpor snails
  8 ice statues
  2 storm dragon simulacra
  A dire elephant skeleton (Pan)
  26 cane toads
  21 orange demons
  6 kobold demonologists
  An unseen horror (D:12)
  7 titan simulacra
  30 hellions
  A red draconian zombie (Crypt:2)
  11 komodo dragons
  3 efreet
  An iron troll zombie (Crypt:1)
  17 freezing wraiths
  A komodo dragon (shapeshifter) (Zig:13)
  A catoblepas zombie (Crypt:2)
  9 anaconda simulacra
  25 hellwings
  5 rime drakes
  6 guardian mummies
  2 iron giant simulacra
  A tengu conjurer (Depths:2)
  27 yaktaurs
  A golden dragon simulacrum (Coc:2)
  A sea snake zombie (Hell)
  9 ancient zymes
  A swamp worm zombie (Crypt:2)
  26 demonic crawlers
  9 ice devils
  A spectral harpy (WizLab)
  9 meliai
  9 tormentors
  A merfolk (shapeshifter) (Elf:3)
  A queen bee (D:15)
  24 wind drakes
  6 harpy zombies
  2 polar bears
  8 red devils
  3 trolls
  29 merfolk
  80 slime creatures
  Prince Ribbit (D:7)
  50 jumping spiders
  3 tyrant leeches (Lair:6)
  19 blink frogs
  3 harpy skeletons
  14 hornets
  11 raiju
  A snapping turtle (shapeshifter) (Zig:13)
  4 spriggan zombies
  7 snapping turtles
  A hydra skeleton (Hell)
  An iron dragon simulacrum (Coc:7)
  2 dream sheep (shapeshifter)
  A tarantella zombie (Crypt:3)
  2 meliai zombies
  An alligator zombie (Crypt:1)
  3 stone giant simulacra
  Sigmund (D:5)
  A guardian serpent skeleton (Crypt:1)
  An alligator skeleton (Hell)
  8 flying skulls (WizLab)
  A centaur simulacrum (Coc:1)
  22 ynoxinuls
  2 vampires (Crypt:3)
  8 wraiths
  6 spriggans (Depths:4)
  3 air elementals
  31 tarantellas
  An ushabti (Zig:4)
  121 redbacks
  43 yaks
  6 hogs (Shoals:4)
  A human (shapeshifter) (Vaults:5)
  A tarantella (shapeshifter) (Elf:3)
  7 dire elephant simulacra
  3 fire elementals
  24 water elementals
  3 fire bats (Pan)
  A golden eye (shapeshifter) (Zig:9)
  A human (Shoals:4)
  2 wyverns
  A hog (shapeshifter) (Zig:9)
  An alligator snapping turtle simulacrum (Coc:1)
  5 basilisks
  9 vampire mosquitoes
  2 basilisks (shapeshifter)
  31 neqoxecs
  14 golden eyes
  2 spatial vortices (Abyss:3)
  14 chaos spawn
  Edmund (D:6)
  A steam dragon (D:8)
  A naga zombie (Crypt:1)
  2 merfolk zombies
  15 harpy simulacra
  Duvessa (D:7)
  3 wargs
  3 acid dragons
  13 hell hounds
  6 water moccasins
  6 hydra simulacra
  24 small abominations
  A floating eye (shapeshifter) (Elf:3)
  A cane toad skeleton (Crypt:2)
  A human skeleton (Zig:4)
  A naga skeleton (Crypt:1)
  2 faun skeletons (Crypt:2)
  19 orc warriors
  2 ice beasts
  3 sky beasts
  2 black bears
  34 large abominations
  7 necrophages
  A snapping turtle zombie (Crypt:1)
  7 ettin simulacra
  2 boggarts (Elf:2)
  A hornet zombie (D:5)
  21 centaurs
  2 manticore zombies (Shoals:3)
  10 ogres
  A black mamba simulacrum (Coc:1)
  3 phantoms
  5 wolves (Lair:4)
  A palentonga zombie (Crypt:2)
  6 kobold brigands
  A gnoll sergeant (D:11)
  An earth elemental (Elf:2)
  20 bullfrogs
  2 cane toad simulacra (IceCv)
  2 scorpions (D:4)
  3 two-headed ogre simulacra (IceCv)
  A water moccasin zombie (D:6)
  27 killer bees
  A troll zombie (Crypt:3)
  Dowan (D:7)
  A water moccasin skeleton (D:6)
  4 jellies
  An electric eel (D:15)
  3 howler monkeys
  6 crimson imps
  33 starcursed masses
  5 quasits
  2 hounds
  13 orc priests
  Crazy Yiuf (D:6)
  A basilisk skeleton (Crypt:2)
  2 bullfrog skeletons
  An iron imp (Abyss:2)
  A gnoll shaman (D:4)
  An iguana (D:6)
  21 orc wizards
  4 hell rats (Lair:6)
  6 spriggan simulacra
  2 troll simulacra (IceCv)
  2 killer bee zombies
  A polar bear simulacrum (IceCv)
  3 wolf simulacra (IceCv)
  A deep dwarf zombie (Crypt:3)
  A felid skeleton (Crypt:1)
  A hound skeleton (D:4)
  2 howler monkey zombies
  7 mummies
  11 gnolls
  12 adders
  3 naga simulacra
  5 white imps
  5 ufetubi
  An adder zombie (Crypt:3)
  3 worms
  A dart slug (D:2)
  60 orcs
  4 endoplasms
  2 giant cockroaches (D:2)
  6 hobgoblins
  2 jackals (D:1)
  6 quokkas
  10 ball pythons
  6 bats
  A dart slug zombie (Crypt:1)
  3 frilled lizards
  8 goblins
  24 kobolds
  A rat (D:2)
  A ball lightning (Pan)
  2 creeping infernos
  11 fire vortices
  8 starspawn tentacles
  6 tentacles
3586 creatures vanquished.

Vanquished Creatures (others)
  A lich (Pan)
  A titan (Coc:1)
  A deep elf master archer (Abyss:3)
  A frost giant (Abyss:3)
  A quicksilver elemental (Zig:8)
  A fire giant (Geh:2)
  A shard shrike simulacrum (Coc:7)
  A wendigo (Coc:2)
  A white draconian (Zot:4)
  A blizzard demon (Pan)
  A caustic shrike simulacrum (Coc:5)
  A juggernaut simulacrum (Coc:7)
  A spriggan air mage (Pan)
  A shadow wraith (Crypt:2)
  A quicksilver dragon simulacrum (Coc:5)
  A shadow demon (Zig:14)
  A deep elf archer (Hell)
  A deep elf pyromancer (Abyss:3)
  A manticore (Elf:3)
  A titan simulacrum (Coc:7)
  2 smoke demons
  2 hellions (Zig:14)
  2 anaconda simulacra
  A tormentor (Zig:14)
  A red devil (Zig:14)
  A golden dragon simulacrum (Coc:4)
  A wind drake (Pan)
  2 stone giant simulacra
  A redback (Spider:3)
  A flying skull (WizLab)
  2 spriggan simulacra
  A water elemental (Hell)
  2 dire elephant simulacra
  A fire bat (Pan)
  6 harpy simulacra
  A hydra simulacrum (Coc:2)
  A swamp drake (shapeshifter) (Elf:3)
  An ettin simulacrum (Coc:5)
  A kobold (D:12)
  6 ball lightnings (Pan)
  A creeping inferno (Geh:6)
  14 demonic plants (Gauntlet)
  3 fire vortices
  4 foxfires (Abyss:2)
  45 fungi
  145 plants
  19 starspawn tentacles
  7 tentacles
  3 withered plants (D:15)
297 creatures vanquished.

Grand Total: 3883 creatures vanquished

Notes
Turn   | Place    | Note
-------+----------+-------------------------------------------
     0 | D:1      | hellse the Minotaur Fighter began the quest for the Orb.
     0 | D:1      | Reached XP level 1. HP: 19/19 MP: 0/0
   241 | D:1      | Reached XP level 2. HP: 24/26 MP: 1/1
   434 | D:1      | Found a faded altar of an unknown god.
   711 | D:2      | Reached XP level 3. HP: 31/31 MP: 2/2
  1169 | D:2      | Reached skill level 5 in Maces & Flails
  1262 | D:2      | Reached XP level 4. HP: 33/39 MP: 3/3
  1756 | D:3      | Found Geim's Distillery.
  1973 | D:4      | Noticed an ogre
  1980 | D:4      | Reached XP level 5. HP: 45/45 MP: 4/4
  2122 | D:5      | Entered Level 5 of the Dungeon
  2661 | D:6      | Noticed an ice beast
  2662 | D:6      | Noticed a phantom
  2667 | D:6      | Killed an ice beast
  2668 | D:6      | Reached XP level 6. HP: 42/53 MP: 5/5
  2676 | D:6      | Reached skill level 5 in Fighting
  3100 | D:6      | Reached XP level 7. HP: 64/64 MP: 6/6
  3144 | D:6      | You fall into a shaft and drop 2 floors!
  3319 | D:8      | Noticed a steam dragon
  3334 | D:8      | Killed a steam dragon
  3451 | D:8      | Reached XP level 8. HP: 63/73 MP: 7/7
  3675 | D:7      | Reached skill level 5 in Armour
  3817 | D:7      | Reached skill level 1 in Dodging
  3963 | D:7      | Found a staircase to the Ecumenical Temple.
  4015 | D:7      | Reached skill level 10 in Maces & Flails
  4029 | Temple   | Entered the Ecumenical Temple
  4500 | D:7      | Noticed Duvessa
  4500 | D:7      | Noticed Dowan
  4509 | D:7      | Killed Duvessa
  4513 | D:7      | Killed Dowan
  4824 | D:7      | Noticed Prince Ribbit
  4836 | D:7      | Killed Prince Ribbit
  4837 | D:7      | Reached XP level 9. HP: 61/79 MP: 8/8
  5066 | D:7      | Found Zak Sefu's General Store.
  5251 | D:6      | Noticed Edmund
  5256 | D:6      | Killed Edmund
  5397 | D:6      | Found a runed translucent door.
  5398 | D:6      | Noticed Crazy Yiuf
  5402 | D:6      | Killed Crazy Yiuf
  5485 | D:6      | Noticed Pikel
  5499 | D:6      | Killed Pikel
  5573 | D:6      | Found a bloodstained altar of Trog.
  5583 | D:6      | Found a radiant altar of Vehumet.
  5584 | D:6      | Found a shadowy altar of Dithmenos.
  5585 | D:6      | Found a burning altar of Makhleb.
  5585 | D:6      | Found an opulent altar of Gozag.
  5585 | D:6      | Found a glowing silver altar of Zin.
  5585 | D:6      | Found an iron altar of Okawaru.
  5588 | D:6      | Found a hazy altar of Hepliaklqana.
  5590 | D:6      | Became a worshipper of Warmaster Okawaru
  5617 | D:6      | Found a broken altar of Ashenzari.
  5814 | D:3      | Found an ornate altar of the Wu Jian Council.
  6758 | D:4      | Identified the +7 mace "Dragonbane" {flame, Str+4}
  7239 | D:5      | Reached * piety under Okawaru
  7240 | D:5      | Reached XP level 10. HP: 93/93 MP: 9/9
  7359 | D:5      | Noticed Sigmund
  7366 | D:5      | Killed Sigmund
  7392 | D:5      | Identified the +0 kite shield "Otiko Puo" {Drain rElec
                  | Will+ SInv}
  7421 | D:5      | You fall into a shaft and drop 1 floor!
  8057 | D:8      | Found a staircase to the Lair.
  8479 | D:9      | Reached skill level 5 in Shields
  8895 | D:10     | Entered Level 10 of the Dungeon
  9010 | D:10     | Reached ** piety under Okawaru
  9260 | D:10     | Reached skill level 5 in Dodging
  9277 | D:10     | Reached *** piety under Okawaru
  9461 | D:10     | Reached XP level 11. HP: 99/99 MP: 10/10
  9617 | D:10     | Reached **** piety under Okawaru
  9818 | D:10     | Found Xesot's Armour Emporium.
  9835 | D:10     | Bought a +1 pair of boots of rampaging for 247 gold pieces
 10209 | D:11     | Noticed a boulder beetle
 10502 | Lair:1   | Entered Level 1 of the Lair of Beasts
 10778 | Lair:1   | Reached skill level 10 in Fighting
 10918 | Lair:1   | Reached ***** piety under Okawaru
 11750 | Lair:2   | Identified the +1 pair of gloves of Youthful Indiscretion
                  | {Str+4 SInv} (Okawaru gifted it to you on level 2 of the
                  | Lair of Beasts)
 11750 | Lair:2   | Received a gift from Okawaru
 11996 | Lair:2   | Found a hole to the Spider Nest.
 12584 | Lair:3   | Found a staircase to the Shoals.
 12615 | Lair:3   | Identified the +3 trident "Iguttoj" {elec, rF- Will++
                  | Dex+5}
 12775 | Lair:3   | Reached XP level 12. HP: 113/113 MP: 11/11
 12802 | Lair:3   | Noticed a four-headed hydra
 12808 | Lair:3   | Killed a four-headed hydra
 13111 | Lair:3   | Found a large runed translucent door.
 13111 | Lair:3   | Found a large runed translucent door.
 13115 | Lair:3   | Noticed Nieclary's ghost (journeyman TrTm)
 13825 | Lair:4   | Reached skill level 5 in Invocations
 14046 | Lair:4   | Noticed a death yak
 14049 | Lair:4   | Noticed a death yak
 14061 | Lair:4   | Noticed a death yak
 14062 | Lair:4   | Noticed a death yak
 14062 | Lair:4   | Noticed a death yak
 14064 | Lair:4   | Noticed an eight-headed hydra
 14082 | Lair:4   | Killed a death yak
 14088 | Lair:4   | Killed a death yak
 14092 | Lair:4   | Killed a death yak
 14097 | Lair:4   | Killed a death yak
 14137 | Lair:3   | Killed a death yak
 14411 | Lair:4   | Identified the +0 lajatang "Gram" {freeze, rElec Int+4
                  | SInv} (Okawaru gifted it to you on level 4 of the Lair of
                  | Beasts)
 14411 | Lair:4   | Received a gift from Okawaru
 14412 | Lair:4   | Reached skill level 10 in Armour
 14506 | Lair:4   | Killed an eight-headed hydra
 15763 | Lair:5   | Reached skill level 1 in Evocations
 16128 | Lair:5   | Reached XP level 13. HP: 119/119 MP: 18/18
 16409 | Lair:6   | Entered Level 6 of the Lair of Beasts
 16518 | Lair:5   | Reached ****** piety under Okawaru
 16796 | Lair:6   | Received a gift from Okawaru
 16851 | Lair:6   | Reached skill level 5 in Evocations
 17614 | Lair:6   | Received a gift from Okawaru
 17913 | Lair:6   | Reached skill level 10 in Shields
 19071 | Lair:6   | Found a runed translucent door.
 19071 | Lair:6   | Found a viscous altar of Jiyva.
 19071 | Lair:6   | Found a staircase to the Slime Pits.
 19212 | Lair:6   | Got Zatapp's Disquisition on Blistering Execration
 19223 | Lair:6   | Identified the +4 hunting sling of Wounding {venom, rF+
                  | rC++ Will- Dex+2}
 19522 | Lair:3   | Killed Nieclary's ghost
 19810 | D:11     | Reached XP level 14. HP: 119/133 MP: 19/19
 20043 | D:11     | Reached skill level 1 in Throwing
 20543 | D:12     | Found a staircase to the Orcish Mines.
 20660 | D:12     | Received a gift from Okawaru
 20723 | D:11     | Received a gift from Okawaru
 21054 | D:12     | Noticed Sonja
 21056 | D:12     | Killed Sonja
 21057 | D:12     | Reached skill level 5 in Throwing
 21488 | D:13     | Found a frozen archway.
 21631 | IceCv    | Entered an ice cave
 22788 | IceCv    | Noticed a reaper
 22806 | IceCv    | Killed a reaper
 22807 | IceCv    | Reached skill level 15 in Fighting
 22813 | IceCv    | Received a gift from Okawaru
 24090 | D:14     | Found Cissan's General Store.
 24101 | D:14     | Bought a scroll of identify for 30 gold pieces
 25066 | D:14     | Received a gift from Okawaru
 25545 | D:14     | Received a gift from Okawaru
 25590 | D:14     | Reached XP level 15. HP: 119/149 MP: 20/20
 25684 | D:14     | Found a gate to the Vaults.
 25753 | D:15     | Entered Level 15 of the Dungeon
 25998 | D:15     | Found a gate leading to a gauntlet.
 26010 | Gauntlet | Entered a Gauntlet
 26010 | Gauntlet | Found a transporter.
 26019 | Gauntlet | Found a transporter.
 26021 | Gauntlet | Found a transporter.
 26036 | Gauntlet | Found a transporter.
 26045 | Gauntlet | Found a transporter.
 26050 | Gauntlet | Found a transporter.
 26065 | Gauntlet | Found a transporter.
 26084 | Gauntlet | Found a transporter.
 26092 | Gauntlet | Found a large runed translucent door.
 26093 | Gauntlet | Found a large runed translucent door.
 26094 | Gauntlet | Found a large runed translucent door.
 26094 | Gauntlet | Found a large runed translucent door.
 26095 | Gauntlet | Found a runed translucent gate.
 26096 | Gauntlet | Found a transporter.
 26096 | Gauntlet | Found a runed translucent gate.
 26097 | Gauntlet | Found a runed translucent gate.
 26098 | Gauntlet | Found a large runed translucent door.
 26098 | Gauntlet | Found a large runed translucent door.
 26099 | Gauntlet | Found a large runed translucent door.
 26099 | Gauntlet | Found a large runed translucent door.
 26099 | Gauntlet | Found a runed translucent door.
 26099 | Gauntlet | Found a runed translucent door.
 26100 | Gauntlet | Found a large runed translucent door.
 26101 | Gauntlet | Found a large runed translucent door.
 26103 | Gauntlet | Found a transporter.
 26111 | Gauntlet | Found a large runed translucent door.
 26112 | Gauntlet | Found a large runed translucent door.
 26120 | Gauntlet | Found a transporter.
 26121 | Gauntlet | Found a large runed translucent door.
 26121 | Gauntlet | Found a large runed translucent door.
 26122 | Gauntlet | Found a large runed translucent door.
 26123 | Gauntlet | Found a large runed translucent door.
 26125 | Gauntlet | Found a transporter.
 26140 | Gauntlet | Found a transporter.
 26160 | Gauntlet | Found a transporter.
 26165 | Gauntlet | Found a transporter.
 26203 | Gauntlet | Found a transporter.
 26205 | Gauntlet | Found a transporter.
 26233 | Gauntlet | Found a transporter.
 26518 | Gauntlet | Identified the +2 hat of the Evil One {*Slow rElec Int+2}
 27373 | D:15     | Found a staircase to the Depths.
 27415 | D:15     | Reached skill level 10 in Throwing
 27538 | D:15     | Received a gift from Okawaru
 28229 | Orc:1    | Entered Level 1 of the Orcish Mines
 28604 | Orc:2    | Entered Level 2 of the Orcish Mines
 28895 | Orc:2    | Found a staircase to the Elven Halls.
 28984 | Orc:1    | Found Dyidutue's Magic Scroll Shop.
 28995 | Orc:1    | Bought a scroll of magic mapping for 45 gold pieces
 28995 | Orc:1    | Bought a scroll of identify for 26 gold pieces
 28995 | Orc:1    | Bought a scroll of identify for 26 gold pieces
 28995 | Orc:1    | Bought a scroll of silence for 97 gold pieces
 29214 | Orc:2    | Received a gift from Okawaru
 29346 | Orc:2    | Received a gift from Okawaru
 29353 | Orc:2    | Paralysed by an orc sorcerer for 5 turns
 29768 | Orc:2    | Received a gift from Okawaru
 30024 | Orc:2    | Found Lowam's Assorted Antiques.
 30024 | Orc:2    | Found Miom Can's Antique Weapon Shop.
 30026 | Orc:2    | Found Xoumos's Assorted Antiques.
 30026 | Orc:2    | Found Cossihas's General Store.
 30032 | Orc:2    | Bought a glowing demon whip for 432 gold pieces
 30037 | Orc:2    | Bought a scroll of identify for 48 gold pieces
 30037 | Orc:2    | Bought a scroll of enchant armour for 180 gold pieces
 30040 | Orc:2    | Bought an inky potion for 25 gold pieces
 30241 | Orc:2    | Bought a scroll of brand weapon for 320 gold pieces
 30258 | Orc:2    | Bought a potion of haste for 160 gold pieces
 30599 | Shoals:1 | Entered Level 1 of the Shoals
 30628 | Shoals:1 | Noticed Mlioglotl
 30646 | Shoals:1 | Killed Mlioglotl
 31571 | Shoals:1 | Reached skill level 15 in Shields
 32534 | Shoals:1 | Received a gift from Okawaru
 32582 | Shoals:1 | Reached XP level 16. HP: 146/156 MP: 21/21
 32725 | Shoals:1 | Reached skill level 10 in Dodging
 32955 | Shoals:2 | Received a gift from Okawaru
 33287 | Shoals:2 | Found a large runed translucent door.
 33287 | Shoals:2 | Found a large runed translucent door.
 33289 | Shoals:2 | Noticed AlleluiaPinecone's ghost (adept HOFi)
 34254 | Shoals:2 | Killed AlleluiaPinecone's ghost
 35083 | Shoals:3 | Received a gift from Okawaru
 35453 | Shoals:4 | Entered Level 4 of the Shoals
 35462 | Shoals:4 | Received a gift from Okawaru
 35471 | Shoals:4 | Noticed Kirke
 35488 | Shoals:4 | Noticed a sphinx
 35491 | Shoals:4 | Killed Kirke
 35496 | Shoals:4 | Identified the +0 kite shield of Irucoe {rC+ Int-2 Slay+3
                  | SInv} (Okawaru gifted it to you on level 4 of the Shoals)
 35496 | Shoals:4 | Received a gift from Okawaru
 35992 | Shoals:4 | Reached skill level 15 in Armour
 36647 | Shoals:4 | Noticed a sphinx
 36664 | Shoals:4 | Killed a sphinx
 36783 | Shoals:4 | Received a gift from Okawaru
 37072 | Shoals:4 | Identified the +3 mace "Ypeezu" {flame, Dex+4} (Okawaru
                  | gifted it to you on level 4 of the Shoals)
 37072 | Shoals:4 | Received a gift from Okawaru
 37079 | Shoals:4 | Reached XP level 17. HP: 133/166 MP: 22/22
 37975 | Shoals:4 | Got the Collected Works on Shape Shifting
 38022 | Shoals:4 | Got a barnacled rune of Zot
 38188 | Shoals:4 | Identified the +6 quarterstaff of Punishment {speed, rCorr
                  | Int+2}
 38426 | Elf:1    | Entered Level 1 of the Elven Halls
 38606 | Elf:1    | Received a gift from Okawaru
 38656 | Elf:1    | Identified the +4 short sword of Syndicalism {holy, rElec
                  | SInv} (Okawaru gifted it to you on level 1 of the Elven
                  | Halls)
 38656 | Elf:1    | Received a gift from Okawaru
 40216 | Elf:2    | Found a runed translucent door.
 40218 | Elf:2    | Noticed Xadus's ghost (adept MiBe)
 40259 | Elf:2    | Killed Xadus's ghost
 40259 | Elf:2    | Received a gift from Okawaru
 40408 | Elf:2    | Found a radiant altar of Vehumet.
 40654 | Elf:2    | Identified a scroll of acquirement
 40654 | Elf:2    | Acquired a manual of Maces & Flails
 40799 | Elf:2    | Received a gift from Okawaru
 41000 | Elf:2    | Found a shimmering blue altar of Sif Muna.
 41042 | Elf:2    | Reached skill level 15 in Maces & Flails
 41230 | Elf:2    | Identified the amulet "Zoadihot" {RegenMP Fragile rN++
                  | Dex+7}
 41317 | Elf:2    | Found a runed translucent gate.
 41317 | Elf:2    | Found a runed translucent gate.
 41318 | Elf:2    | Found a runed translucent gate.
 41343 | Elf:2    | Received a gift from Okawaru
 42481 | Elf:2    | Reached XP level 18. HP: 173/173 MP: 23/23
 42589 | Elf:3    | Entered Level 3 of the Elven Halls
 42638 | Elf:3    | Found a shimmering blue altar of Sif Muna.
 43043 | Elf:2    | Received a gift from Okawaru
 43965 | Elf:3    | Paralysed by a sphinx for 4 turns
 44301 | Elf:3    | Received a gift from Okawaru
 44940 | Elf:3    | Found a transporter.
 44986 | Elf:3    | Noticed Ischegume's ghost (veteran HOFi)
 45028 | Elf:3    | Found a transporter.
 45455 | Elf:3    | Identified the +0 leather armour of Aresch {Fly rC+ Dex+4}
 45500 | Elf:3    | Paralysed by an air elemental for 1 turns
 45668 | Elf:3    | Paralysed by an air elemental for 1 turns
 45997 | Elf:3    | Reached skill level 15 in Throwing
 46855 | Elf:3    | Identified the +4 long sword of Qisyicho {protect, *Rage
                  | rPois rC+++ Stlth+}
 46869 | Elf:3    | Identified the +1 chain mail of Duteeph {Fly Will+ Str+2}
 47194 | Elf:3    | Identified the +1 leather armour of Jivas {-Tele rPois rF+
                  | Dex+4}
 47203 | Elf:3    | Received a gift from Okawaru
 47337 | Elf:3    | Got the Incunabulum of Confrontation
 47404 | Elf:3    | Found the -2 hat of the Alchemist {rElec rPois rF+ rC+ rN+
                  | Will+ rMut rCorr}
 47534 | Elf:3    | Received a gift from Okawaru
 47595 | Elf:3    | Killed Ischegume's ghost
 47598 | Elf:3    | Identified the +0 pair of boots "Nol Laxuem" {Harm rC-
                  | Regen+ Dex+7}
 47740 | Elf:3    | Identified the +9 flail "Pagi" {vorpal, rN++ Str+2}
 47744 | Elf:3    | Identified the +0 hat of the Turtle {-Tele Regen+ rCorr
                  | Int-5} (Okawaru gifted it to you on level 3 of the Elven
                  | Halls)
 47744 | Elf:3    | Received a gift from Okawaru
 48157 | Spider:1 | Entered Level 1 of the Spider Nest
 48729 | Spider:1 | Reached XP level 19. HP: 182/182 MP: 24/24
 50642 | Spider:2 | Found a runed translucent door.
 50642 | Spider:2 | Noticed Usoddo Umaf's ghost (adept DrFE)
 50660 | Spider:2 | Identified the +12 plate armour of the Engineer {Harm Str+6
                  | Int-3} (Okawaru gifted it to you on level 2 of the Spider
                  | Nest)
 50660 | Spider:2 | Received a gift from Okawaru
 50690 | Spider:2 | Killed Usoddo Umaf's ghost
 51166 | Spider:2 | Paralysed by a hornet for 1 turns
 51440 | Spider:3 | Noticed Azrael
 51452 | Spider:3 | Killed Azrael
 52772 | Spider:3 | Noticed Mara
 52784 | Spider:3 | Killed Mara
 52976 | Spider:4 | Entered Level 4 of the Spider Nest
 53022 | Spider:4 | Noticed Arachne
 53357 | Spider:3 | Killed Arachne
 53364 | Spider:4 | Noticed Nikola
 53382 | Spider:4 | Killed Nikola
 53407 | Spider:4 | Received a gift from Okawaru
 53408 | Spider:4 | Found the +8 mithril axe "Arga" {speed, Will+}
 53743 | Spider:4 | Reached skill level 1 in Axes
 53877 | Spider:4 | Reached XP level 20. HP: 181/200 MP: 7/26
 53915 | Spider:4 | Reached skill level 5 in Axes
 53922 | Spider:4 | Identified the +2 pair of boots "Sanesi Kyun" {*Corrode rF+
                  | Str+4} (Okawaru gifted it to you on level 4 of the Spider
                  | Nest)
 53922 | Spider:4 | Received a gift from Okawaru
 54271 | Spider:4 | Got a gossamer rune of Zot
 54332 | Spider:4 | Noticed Aizul
 54346 | Spider:4 | Killed Aizul
 54927 | Vaults:1 | Entered Level 1 of the Vaults
 54994 | Vaults:1 | You fall into a shaft and drop 1 floor!
 55115 | Vaults:2 | Found a flickering gateway to a bazaar.
 55125 | Bazaar   | Entered a bazaar
 55129 | Bazaar   | Found Usiyrch's Jewellery Boutique.
 55147 | Bazaar   | Found Sucotat's General Store.
 55152 | Bazaar   | Bought a scroll of brand weapon for 220 gold pieces
 55152 | Bazaar   | Bought a potion of attraction for 33 gold pieces
 55165 | Bazaar   | Found Fizedd's Book Boutique.
 55182 | Bazaar   | Found Syikkuo's Armour Emporium.
 55204 | Bazaar   | Bought an amulet of guardian spirit for 360 gold pieces
 55234 | Vaults:2 | Identified the +4 chain mail of the Curious Mystics
                  | {Slay+4}
 55277 | Vaults:1 | Found a magical portal.
 55291 | WizLab   | Entered Borgnjor's Mausoleum
 55543 | WizLab   | Reached skill level 10 in Axes
 56344 | WizLab   | Received a gift from Okawaru
 56685 | Vaults:1 | Received a gift from Okawaru
 57556 | Vaults:1 | Received a gift from Okawaru
 58394 | Orc:2    | Bought a scroll of enchant weapon for 120 gold pieces
 58394 | Orc:2    | Bought a potion of might for 64 gold pieces
 58396 | Orc:2    | Bought a potion of might for 112 gold pieces
 58396 | Orc:2    | Bought a potion of might for 112 gold pieces
 58396 | Orc:2    | Bought a scroll of magic mapping for 98 gold pieces
 58396 | Orc:2    | Bought a scroll of enchant weapon for 210 gold pieces
 58610 | Vaults:2 | Noticed Xtahua
 58626 | Vaults:2 | Killed Xtahua
 58748 | Vaults:2 | Received a gift from Okawaru
 58866 | Vaults:2 | Reached XP level 21. HP: 207/207 MP: 27/27
 59390 | Vaults:2 | Received a gift from Okawaru
 60134 | Vaults:3 | Received a gift from Okawaru
 60617 | Vaults:3 | Found Quil's Book Boutique.
 60830 | Vaults:3 | Found a staircase to the Crypt.
 60830 | Vaults:3 | Found a basalt altar of Yredelemnul.
 60831 | Vaults:3 | Found an ancient bone altar of Kikubaaqudgha.
 62455 | Vaults:4 | Received a gift from Okawaru
 62876 | Vaults:4 | Noticed Boris
 62887 | Vaults:4 | Killed Boris
 63022 | Vaults:4 | Found a transporter.
 63022 | Vaults:4 | Noticed jasper's ghost (veteran DjBe)
 63337 | Vaults:4 | Reached XP level 22. HP: 228/228 MP: 28/28
 63416 | Vaults:4 | Received a gift from Okawaru
 63813 | Vaults:4 | Identified the +2 giant spiked club of Xegudye {venom,
                  | Fragile rC+ SInv}
 63813 | Vaults:4 | Identified the +6 great mace "Ynahocek" {vorpal, rC+ Dex+4}
 63816 | Vaults:4 | Found a transporter.
 63853 | Vaults:4 | Killed jasper's ghost
 64304 | Slime:1  | Entered Level 1 of the Pits of Slime
 64633 | Slime:5  | Entered Level 5 of the Pits of Slime
 65480 | Slime:5  | Reached skill level 27 in Fighting
 65772 | Slime:5  | Found a viscous altar of Jiyva.
 65790 | Slime:5  | Found the +11 plutonium sword {Contam Stlth-}
 65890 | Slime:5  | Gained mutation: Your body sometimes deteriorates upon
                  | taking damage. [a shining eye]
 65940 | Slime:5  | Received a gift from Okawaru
 65941 | Slime:5  | Noticed the Royal Jelly
 65971 | Slime:5  | Killed the Royal Jelly
 66044 | Slime:5  | Got a slimy rune of Zot
 66088 | Slime:5  | Identified the +7 war axe of Big Damage {vorpal, rElec
                  | Int+4}
 66104 | Slime:5  | Identified the ring "Qodeus" {rF+ rCorr MP+9 Str+3 Dex-2}
 66139 | Slime:5  | Got the Volume of Dislocated Cold
 66159 | Slime:5  | Identified the +3 great mace of Yrhiuris {distort, rPois
                  | rC++ Int-2 Dex+4}
 66735 | Lair:6   | Lost mutation: Your body sometimes deteriorates upon taking
                  | damage. [potion of mutation]
 66735 | Lair:6   | Gained mutation: You are agile. (Dex +2) [potion of
                  | mutation]
 66735 | Lair:6   | Gained mutation: You possess an exceptional clarity of
                  | mind. [potion of mutation]
 67003 | Depths:1 | Entered Level 1 of the Depths
 67003 | Depths:1 | Found a gateway to Hell.
 67027 | D:15     | Identified the +0 scale mail "Fiehapemp" {rC++ Str-5 Int+4}
                  | (Okawaru gifted it to you on level 15 of the Dungeon)
 67027 | D:15     | Received a gift from Okawaru
 67150 | Depths:1 | Noticed Boris
 67391 | D:15     | Killed Boris
 67643 | Depths:1 | Found a stormy altar of Qazlal.
 67717 | Depths:1 | You fall into a shaft and drop 1 floor!
 67724 | Depths:2 | Found a corrupted altar of Lugonu.
 67724 | Depths:2 | Found a one-way gate to the infinite horrors of the Abyss.
 68133 | Depths:1 | Found a gateway to a ziggurat.
 68382 | Depths:1 | Found a one-way gate leading to the halls of Pandemonium.
 68669 | Depths:2 | You fall into a shaft and drop 2 floors!
 68669 | Depths:4 | Entered Level 4 of the Depths
 68690 | Depths:4 | Reached XP level 23. HP: 230/240 MP: 29/29
 68724 | Depths:4 | Found a gate to the Realm of Zot.
 68934 | Depths:4 | Found Xehoacy's Distillery.
 68938 | Depths:4 | Bought a potion of flight for 54 gold pieces
 68938 | Depths:4 | Bought 2 potions of heal wounds for 180 gold pieces
 68938 | Depths:4 | Bought a potion of might for 72 gold pieces
 68938 | Depths:4 | Bought a potion of invisibility for 144 gold pieces
 68938 | Depths:4 | Bought a potion of flight for 54 gold pieces
 68938 | Depths:4 | Bought a potion of curing for 54 gold pieces
 68938 | Depths:4 | Bought a potion of mutation for 144 gold pieces
 68938 | Depths:4 | Bought a potion of curing for 54 gold pieces
 68938 | Depths:4 | Bought a potion of curing for 54 gold pieces
 68938 | Depths:4 | Bought a potion of cancellation for 144 gold pieces
 68956 | Depths:4 | Noticed a juggernaut
 68973 | Depths:4 | Killed a juggernaut
 69274 | Depths:4 | Found a sparkling altar of Nemelex Xobeh.
 69336 | Depths:4 | Received a gift from Okawaru
 69602 | Depths:4 | Identified the +8 mace of Desperation {freeze, *Noise
                  | Str+6} (Okawaru gifted it to you on level 4 of the Depths)
 69602 | Depths:4 | Received a gift from Okawaru
 69751 | Depths:4 | Found a glowing golden altar of the Shining One.
 70117 | Zot:1    | Entered Level 1 of the Realm of Zot
 70628 | Zot:1    | Identified the ring of Moderation {Fly rF++ rC+ EV+4 Int-4}
 70730 | Zot:1    | Received a gift from Okawaru
 71514 | Depths:3 | Reached skill level 10 in Invocations
 72154 | Depths:3 | Found Qich's Book Shop.
 72156 | Depths:3 | Found Tiogooth's Jewellery Emporium.
 72157 | Depths:3 | Found Gehungecwu's Book Shop.
 72167 | Depths:3 | Bought the amulet of Beauty {Rampage Regen+ Dex+3} for 519
                  | gold pieces
 72603 | Depths:2 | Received a gift from Okawaru
 73403 | Depths:2 | Noticed a royal mummy
 73416 | Depths:2 | Killed a royal mummy
 73419 | Depths:2 | Identified the +11 longbow of Slow Death {flame, rElec
                  | Str+2}
 73623 | Depths:4 | Fell from the grace of Okawaru
 73623 | Depths:4 | Became a worshipper of the Shining One
 73859 | Crypt:1  | Entered Level 1 of the Crypt
 73873 | Crypt:1  | Noticed Saint Roka
 73880 | Crypt:1  | Noticed Donald
 73893 | Crypt:1  | Killed Saint Roka
 73906 | Vaults:3 | Killed Donald
 73969 | Crypt:1  | Reached * piety under the Shining One
 74002 | Crypt:1  | Reached XP level 24. HP: 238/249 MP: 32/32
 74047 | Crypt:1  | Noticed Sojobo
 74068 | Crypt:1  | Killed Sojobo
 74081 | Crypt:1  | Reached ** piety under the Shining One
 74197 | Crypt:1  | Reached *** piety under the Shining One
 74378 | Crypt:1  | Reached **** piety under the Shining One
 75022 | Crypt:2  | Reached skill level 15 in Invocations
 75198 | Crypt:2  | Reached ***** piety under the Shining One
 75530 | Crypt:2  | Found a runed translucent gate.
 75530 | Crypt:2  | Found a runed translucent gate.
 75530 | Crypt:2  | Found a runed translucent gate.
 75565 | Crypt:2  | Reached ****** piety under the Shining One
 75637 | Crypt:2  | Noticed Roudd's ghost (veteran GrEE)
 75959 | Crypt:2  | Identified a +9 sacred scourge of holy wrath (a +9 demon
                  | whip of electrocution blessed by the Shining One)
 75959 | Crypt:2  | Received a gift from the Shining One
 75967 | Crypt:2  | Killed Roudd's ghost
 76036 | Crypt:3  | Entered Level 3 of the Crypt
 76255 | Crypt:3  | Found a basalt altar of Yredelemnul.
 76255 | Crypt:3  | Found an ancient bone altar of Kikubaaqudgha.
 76255 | Crypt:3  | Noticed an ancient lich
 76271 | Crypt:3  | Killed an ancient lich
 76346 | Crypt:3  | Got Borgnjor's Tome of Dark Arts
 76453 | Crypt:3  | Found a staircase to the Tomb.
 76608 | Crypt:3  | Noticed Mennas
 76631 | Crypt:3  | Killed Mennas
 76926 | Crypt:3  | Noticed Frederick
 76940 | Crypt:3  | Killed Frederick
 76992 | Crypt:3  | Upgraded the game from 0.28-a0-883-gc8d7bad45d to
                  | 0.28-a0-895-g6e5f11bd55
 76992 | Crypt:3  | Acquired the ring of Qusmubio {rPois rC+ Str+2 Int+2 Dex-2
                  | Slay+4}
 77468 | D:3      | Bought a potion of mutation for 96 gold pieces
 77468 | D:3      | Bought a potion of flight for 36 gold pieces
 77468 | D:3      | Bought a potion of flight for 36 gold pieces
 77468 | D:3      | Bought a potion of mutation for 96 gold pieces
 77468 | D:3      | Bought a potion of curing for 36 gold pieces
 77468 | D:3      | Bought a potion of mutation for 96 gold pieces
 77468 | D:3      | Bought a potion of curing for 36 gold pieces
 77468 | D:3      | Bought a potion of might for 48 gold pieces
 77468 | D:3      | Bought a potion of might for 48 gold pieces
 77468 | D:3      | Bought a potion of haste for 120 gold pieces
 77468 | D:3      | Bought a potion of lignification for 36 gold pieces
 77559 | D:7      | Bought a potion of might for 56 gold pieces
 77559 | D:7      | Bought a ring of the Octopus King {Fly AC+1 EV+1 Str+1
                  | Int+1 Dex+1} for 548 gold pieces
 77559 | D:7      | Found the ring of the Octopus King {Fly AC+1 EV+1 Str+1
                  | Int+1 Dex+1}
 77559 | D:7      | Bought a potion of mutation for 112 gold pieces
 77707 | Orc:1    | Bought a scroll of enchant armour for 97 gold pieces
 77707 | Orc:1    | Bought a scroll of teleportation for 39 gold pieces
 77707 | Orc:1    | Bought a scroll of enchant armour for 97 gold pieces
 77707 | Orc:1    | Bought a scroll of teleportation for 39 gold pieces
 77767 | Orc:2    | Bought a potion of curing for 72 gold pieces
 77769 | Orc:2    | Bought a potion of attraction for 84 gold pieces
 77769 | Orc:2    | Bought a potion of curing for 84 gold pieces
 77769 | Orc:2    | Bought a wand of iceblast (6) for 112 gold pieces
 77770 | Orc:2    | Bought a wand of acid (5) for 288 gold pieces
 77901 | D:14     | Bought a wand of acid (12) for 480 gold pieces
 77955 | Hell     | Entered the Vestibule of Hell
 77956 | Hell     | Noticed Geryon
 77976 | Hell     | Killed Geryon
 78042 | Hell     | Found a gateway to the ashen valley of Gehenna.
 78058 | Hell     | Reached XP level 25. HP: 257/257 MP: 35/35
 78076 | Hell     | Cast into level 3 of the Abyss (reaper)
 78166 | Abyss:3  | Found a corrupted altar of Lugonu.
 78559 | Abyss:3  | Got an abyssal rune of Zot
 78569 | Hell     | Escaped the Abyss
 78858 | Hell     | Found a gateway to the Iron City of Dis.
 78891 | Hell     | Found a gateway to the freezing wastes of Cocytus.
 79120 | Hell     | Found a gateway to the decaying netherworld of Tartarus.
 79639 | Zot:2    | You fall into a shaft and drop 2 floors!
 79644 | Zot:4    | Noticed an orb of fire
 79649 | Zot:4    | Killed an orb of fire
 79939 | Zot:3    | Identified the +7 glaive "Limpoguch" {freeze, rElec rN+
                  | rCorr}
 80621 | Zot:3    | Noticed a Killer Klown
 80629 | Zot:3    | Killed a Killer Klown
 80838 | Zot:3    | Was forgiven by Okawaru
 81132 | Zot:4    | Found a transporter.
 81163 | Zot:4    | Found a transporter.
 81345 | Zot:4    | Reached XP level 26. HP: 181/266 MP: 37/37
 81797 | Geh:1    | Entered Level 1 of Gehenna
 81825 | Geh:2    | Noticed a dread lich
 81834 | Geh:2    | Killed a dread lich
 82081 | Geh:7    | Entered Level 7 of Gehenna
 82213 | Geh:7    | Noticed an ancient lich
 82230 | Geh:7    | Killed an ancient lich
 82614 | Geh:7    | Noticed the Serpent of Hell
 82628 | Geh:7    | Killed the Serpent of Hell
 82689 | Geh:7    | Identified the +5 war axe of Conscience {freeze, Str+6}
 82756 | Geh:7    | Found the +7 sceptre of Asmodeus
 82756 | Geh:7    | Noticed Asmodeus
 82783 | Geh:7    | Killed Asmodeus
 82798 | Geh:7    | Found the amulet of Vitality {Regen+ HP+15}
 82808 | Geh:7    | Identified the ring of Fatruolluc {+Blink rN+ Int-2 Dex+4
                  | Slay+3}
 82846 | Geh:7    | Got an obsidian rune of Zot
 83423 | Zot:4    | Found the +0 mask of the Dragon {Will+ Slay+3 SInv}
 83682 | Coc:1    | Entered Level 1 of Cocytus
 83777 | Coc:3    | Reached XP level 27. HP: 253/253 MP: 39/39
 83909 | Coc:5    | Reached skill level 27 in Invocations
 84089 | Coc:1    | Paralysed by a wendigo for 1 turns
 84102 | Coc:1    | Paralysed by a wendigo for 1 turns
 84107 | Coc:1    | Paralysed by a wendigo for 1 turns
 84464 | Coc:5    | Paralysed by a wendigo for 1 turns
 84470 | Coc:5    | Paralysed by a wendigo for 1 turns
 84505 | Coc:6    | Paralysed by a wendigo for 1 turns
 84838 | Vaults:5 | Entered Level 5 of the Vaults
 84854 | Vaults:5 | Noticed a dread lich
 84863 | Vaults:5 | Noticed an ancient lich
 85084 | Vaults:5 | Killed a dread lich
 85089 | Vaults:5 | Killed an ancient lich
 85110 | Vaults:5 | Identified the +5 dagger of Discord {holy, Will+ Int+4}
 85132 | Vaults:5 | Reached skill level 27 in Armour
 85180 | Vaults:5 | Identified the +1 chain mail of the Thoughtful Visions
                  | {Fly}
 85187 | Vaults:5 | Got a silver rune of Zot
 85193 | Vaults:5 | Identified the +10 battleaxe "Azatel" {protect, rF+ rC+ rN+
                  | Dex+4}
 85585 | Coc:6    | Reached skill level 15 in Dodging
 85617 | Coc:7    | Entered Level 7 of Cocytus
 86033 | Coc:7    | Paralysed by a wendigo for 1 turns
 86111 | Coc:7    | Got Fifi's Volume of Poisonous Ice
 86112 | Coc:7    | Identified the ring "Sym Eziu" {Fire Contam rPois Int-2
                  | Stlth+}
 86360 | Coc:7    | Identified the +7 rapier "Embalmer" {freeze, Dex+4}
 86396 | Coc:7    | Paralysed by a wendigo for 1 turns
 86412 | Coc:7    | Noticed Antaeus
 86709 | Coc:7    | Killed Antaeus
 86733 | Coc:7    | Got an icy rune of Zot
 87378 | Vaults:5 | Found Yfrime's Book Boutique.
 87388 | Vaults:5 | Noticed an ancient lich
 87394 | Vaults:5 | Killed an ancient lich
 87542 | Vaults:5 | Identified the +10 flail of Vifan {antimagic, *Corrode
                  | rF+++ Int+2 Dex+3 Stlth-}
 87619 | Vaults:5 | Found Itwiz's Antique Weapon Shop.
 87848 | Vaults:5 | Identified the +0 fire dragon scales of Fedhas's Regard
                  | {rF++ rC- rN+++ Str-2 Dex-2 Stlth+}
 88098 | Zig:1    | Entered Level 1 of a ziggurat
 88116 | Zig:2    | Entered Level 2 of a ziggurat
 88133 | Zig:3    | Entered Level 3 of a ziggurat
 88135 | Zig:3    | Noticed a juggernaut
 88149 | Zig:3    | Killed a juggernaut
 88157 | Zig:3    | Identified the ring of Wafokh {*Corrode +Blink rPois Will+}
 88166 | Zig:4    | Entered Level 4 of a ziggurat
 88174 | Zig:4    | Noticed a royal mummy
 88178 | Zig:4    | Lost intelligence.
 88179 | Zig:4    | Noticed a royal mummy
 88191 | Zig:4    | Killed a royal mummy
 88390 | Zig:5    | Entered Level 5 of a ziggurat
 88428 | Zig:6    | Entered Level 6 of a ziggurat
 88439 | Zig:6    | Cast into level 2 of the Abyss (reaper)
 88439 | Abyss:2  | Found a corrupted altar of Lugonu.
 88749 | Abyss:2  | Found a bloodstained altar of Trog.
 88797 | Abyss:2  | Paralysed by accursed screaming for 1 turns
 89022 | Abyss:3  | Identified the +5 falchion of Yreompisk {vorpal, Fragile
                  | rF+++ Dex+4 Stlth+}
 89026 | Abyss:3  | Found a corrupted altar of Lugonu.
 89138 | Abyss:3  | Found a corrupted altar of Lugonu.
 89521 | Zig:6    | Escaped the Abyss
 89564 | Zig:6    | Identified the amulet of Suspicion {Faith Str+3}
 89570 | Zig:6    | Identified the ring "Qutykla" {Contam rElec Slay+4 SInv}
 89573 | Zig:6    | Identified the +3 kite shield of Dogma {Dex+3}
 89641 | Zig:7    | Entered Level 7 of a ziggurat
 89645 | Zig:7    | Noticed Noacwuo the pandemonium lord
 89648 | Zig:7    | Killed Noacwuo the pandemonium lord
 89680 | Zig:8    | Entered Level 8 of a ziggurat
 89724 | Zig:8    | Identified the amulet of Firavig {Spirit rPois Str-4 Int+6
                  | Dex+2}
 89794 | Zig:9    | Entered Level 9 of a ziggurat
 89802 | Zig:9    | Paralysed by an air elemental for 1 turns
 89803 | Zig:9    | Found the +9 heavy crossbow "Sniper" {vorpal, Acc+∞ SInv}
 89921 | Zig:10   | Entered Level 10 of a ziggurat
 89996 | Zig:10   | Identified the +1 kite shield of Least Resistance {-Tele
                  | Str+4}
 90012 | Zig:10   | Identified the ring of Moral Flaws {rPois rF+ Str+4 Int+4
                  | Dex-2}
 90044 | Zig:11   | Entered Level 11 of a ziggurat
 90095 | Zig:11   | Identified the ring of Honesty {rN+ MP+9 Dex+4 Slay+2}
 90220 | Zig:12   | Entered Level 12 of a ziggurat
 90229 | Zig:12   | Noticed an ancient lich
 90229 | Zig:12   | Noticed a dread lich
 90236 | Zig:12   | Killed a dread lich
 90241 | Zig:12   | Killed an ancient lich
 90272 | Zig:12   | Identified the +7 halberd "Qivos" {flame, Fragile rF+ rC+
                  | Dex+3}
 90275 | Zig:13   | Entered Level 13 of a ziggurat
 90301 | Zig:13   | Noticed Ehewn the pandemonium lord
 90302 | Zig:13   | Noticed Aruneh the pandemonium lord
 90302 | Zig:13   | Noticed Hasuscho the pandemonium lord
 90303 | Zig:13   | Noticed Kagig the pandemonium lord
 90314 | Zig:13   | Killed Ehewn the pandemonium lord
 90319 | Zig:13   | Killed Hasuscho the pandemonium lord
 90322 | Zig:13   | Killed Kagig the pandemonium lord
 90328 | Zig:13   | Killed Aruneh the pandemonium lord
 90371 | Zig:13   | Identified the +11 great mace of Destiny {holy, Dex+3}
 90375 | Zig:13   | Identified the ring "Utep" {rF+ Dex+2 SInv}
 90381 | Zig:13   | Got Mitoycar's Grimoire of Intoxication and the Rocks
 90384 | Zig:14   | Entered Level 14 of a ziggurat
 90407 | Zig:14   | Noticed Qeokh the pandemonium lord
 90415 | Zig:14   | Killed Qeokh the pandemonium lord
 90458 | Zig:14   | Identified the +10 rapier "Siazogip" {vorpal, rElec rF-
                  | rCorr Str-2}
 90460 | Zig:14   | Identified the amulet of Beauty {RegenMP Harm +Blink Will-
                  | Str+7}
 90535 | Pan      | Entered Pandemonium
 90828 | Pan      | Noticed Puxtish the pandemonium lord
 90848 | Pan      | Killed Puxtish the pandemonium lord
 91054 | Pan      | Got a demonic rune of Zot
 91513 | Pan      | Entered the realm of Mnoleg.
 91785 | Pan      | Gained mutation: Armour fits poorly on your strangely
                  | shaped body. [a cacodemon]
 91799 | Pan      | Gained mutation: Potions are less effective at restoring
                  | your health. [a neqoxec]
 91903 | Pan      | Noticed Mnoleg
 91915 | Pan      | Killed Mnoleg
 91962 | Pan      | Got a glowing rune of Zot
 92041 | Pan      | Lost mutation: You are agile. (Dex +2) [potion of mutation]
 92041 | Pan      | Lost mutation: Armour fits poorly on your strangely shaped
                  | body. [potion of mutation]
 92041 | Pan      | Gained mutation: You are somewhat resistant to further
                  | mutation. [potion of mutation]
 92042 | Pan      | Lost mutation: You are somewhat resistant to further
                  | mutation. [potion of mutation]
 92042 | Pan      | Lost mutation: Potions are less effective at restoring your
                  | health. [potion of mutation]
 92042 | Pan      | Gained mutation: Your flesh is heat resistant. (rF+)
                  | [potion of mutation]
 92042 | Pan      | Gained mutation: You passively map a small area around you.
                  | [potion of mutation]
 92075 | Pan      | Identified the +1 plate armour of the Mantidfly {rPois
                  | Will+ Slay-6}
 92164 | Pan      | Noticed Abauly the pandemonium lord
 92175 | Pan      | Killed Abauly the pandemonium lord
 92313 | Pan      | Entered the realm of Lom Lobon.
 92769 | Pan      | Found an exit through the horrors of the Abyss.
 93040 | Pan      | Noticed Lom Lobon
 93271 | Pan      | Killed Lom Lobon
 93344 | Pan      | Got a magical rune of Zot
 93459 | Pan      | Found an exit through the horrors of the Abyss.
 93472 | Pan      | Gained mutation: You occasionally shout uncontrollably at
                  | your foes. [a cacodemon]
 93493 | Pan      | Gained mutation: You are frail. (-10% HP) [a cacodemon]
 93573 | Pan      | Entered the realm of Gloorx Vloq.
 93595 | Pan      | Reached skill level 27 in Throwing
 93605 | Pan      | Noticed Gloorx Vloq
 93615 | Pan      | Killed Gloorx Vloq
 93628 | Pan      | Got a dark rune of Zot
 93908 | Pan      | Lost mutation: You are frail. (-10% HP) [potion of
                  | mutation]
 93908 | Pan      | Lost mutation: You passively map a small area around you.
                  | [potion of mutation]
 93908 | Pan      | Gained mutation: You are robust. (+10% HP) [potion of
                  | mutation]
 93908 | Pan      | Gained mutation: Armour fits poorly on your strangely
                  | shaped body. [potion of mutation]
 93909 | Pan      | Lost mutation: Armour fits poorly on your strangely shaped
                  | body. [potion of mutation]
 93909 | Pan      | Lost mutation: You possess an exceptional clarity of mind.
                  | [potion of mutation]
 93909 | Pan      | Gained mutation: You have sharp toenails. [potion of
                  | mutation]
 93948 | Pan      | Entered the realm of Cerebov.
 94038 | Pan      | Found the +6 sword of Cerebov {flame}
 94038 | Pan      | Noticed Cerebov
 94058 | Pan      | HP: 15/315 [Cerebov (3)]
 94090 | Pan      | Found an exit through the horrors of the Abyss.
 94269 | Pan      | Killed Cerebov
 94291 | Pan      | Got the Reference Book on the Creative Arsonist
 94292 | Pan      | Identified the +3 battleaxe of Callousness {drain, *Slow
                  | rPois rN+ Str+4}
 94334 | Pan      | Got a fiery rune of Zot
 94443 | Pan      | Got the Papyrus of Evil Displacement
 94448 | Pan      | Identified the amulet "Axauxtor" {Acrobat -Tele Rampage
                  | Dex+7 Slay-3}
 94512 | Pan      | Reached skill level 10 in Evocations
 94527 | Pan      | Identified the amulet "Meiclo" {Spirit rPois}
 94528 | Pan      | Identified the +2 pair of gloves "Unibu" {+Inv SInv}
 94592 | Pan      | Took an exit into the Abyss.
 94592 | Abyss:1  | Escaped into the Abyss
 94600 | Abyss:1  | Found a corrupted altar of Lugonu.
 94693 | Depths:1 | Escaped the Abyss
 94757 | Dis:1    | Entered Level 1 of the Iron City of Dis
 94943 | Hell     | HP: 10/297 [iron giant (37)]
 94943 | Hell     | Annihilated by an iron giant

Illustrated notes

Levels and vault maps discovered:
D:1:      nzn_arrival_depleted_hourglass, layout_rooms,
          shapermc_ecumenical_altar_hornbeckon
D:2:      layout_loops_cross, minmay_snake_closets
D:3:      layout_basic, mainiacjoe_overflow_cross_hatched, serial_shops,
          shop_statue, chequers_serial_rivers_marsh, dk_noncrumbling_4,
          minmay_goblin_outpost
D:4:      layout_loops_ring, minmay_manual_mess
D:5:      kennysheep_spiral_hall, layout_gridville, kennysheep_generic_room_10,
          uniq_sigmund
D:6:      layout_basic, minitemple, uniq_edmund, uniq_pikel,
          uniq_crazy_yiuf_cottage
D:7:      layout_basic, minmay_temple_entry_butterflies, serial_shops,
          nicolae_shop_waterfront, minmay_misc_feat_roman, chequers_mini_garden,
          uniq_prince_ribbit1, uniq_duvessa
D:8:      layout_rooms, grunt_lair_entry_orc_guard_hut
D:9:      layout_roguey
D:10:     layout_small_grid, serial_shops, nicolae_shop_waterfront
D:11:     layout_cave_pools
D:12:     layout_irregular_city, david_orc_2, uniq_sonja
D:13:     layout_stronghold, portal_ice_cave_rime
D:14:     layout_cave_pools, david_vaults_5, minmay_misc_feat_tiny,
          serial_shops, nicolae_square_shop
D:15:     gammafunk_depths_entry_grave, layout_basic, hex_medium, special_room
          [special_room_bee], gauntlet_entry_generic
Temple:   chequers_temple_sunken
Lair:1:   layout_cave_pods, st_stairs_6, grunt_megastairs_2
Lair:2:   layout_chaotic_city, dummy_spider_entry,
          nicolae_lair_grove_arrangements, wad_woods_road_06, lemuel_fruit_tree
Lair:3:   layout_regular_city, minmay_shoals_entry_centaurs,
          ebering_ghost_disaster_area, serial_bayou_shore_b
Lair:4:   layout_regular_city
Lair:5:   layout_regular_city
Lair:6:   minmay_lair_end_frog_pond, layout_regular_city, slime_altar_2
Shoals:1: layout_shoals, st_sunken_huts, uniq_mlioglotl
Shoals:2: layout_shoals, ebering_ghost_disaster_area
Shoals:3: layout_shoals, nicolae_shoals_undead_eyrie
Shoals:4: shoals_end_hellmonk_lost_city, uniq_kirke
Spider:1: layout_chambers, nicolae_spider_scorpion_nest,
          hangedman_spider_tarantella_strand
Spider:2: layout_spider_delve, hellmonk_ghost_happy_afterlife,
          nicolae_spider_nooks_and_crannies
Spider:3: layout_spider_delve, drop_trap, nicolae_spider_baby_got_redback,
          uniq_mara, uniq_azrael
Spider:4: grunt_spider_rune_circles, drop_trap, uniq_nikola, uniq_aizul,
          uniq_arachne
Slime:1:  layout_caves
Slime:2:  layout_caves
Slime:3:  layout_caves, nicolae_slime_barrier
Slime:4:  layout_caves
Slime:5
Orc:1:    layout_diamond_mine, serial_shops, nicolae_lakefront_shop,
          mines_bat_river
Orc:2:    grunt_orc_tribal_feast, layout_caves
Elf:1:    layout_gridlike, minivault_28
Elf:2:    elven_hall_of_blades_hangedman_original [nooodl_blade_entry_preview],
          layout_loops_corners, basic_altar, ebering_ghost_inner_flame,
          hangedman_summoners_spam
Elf:3:    minmay_elf_hall_not_hex, layout_gridlike, special_room
          [special_room_mythical_zoo], gammafunk_ghost_berserking_beasts,
          basic_altar, billiards_dpeg
Vaults:1: infiniplex_enter_wizlab_glasses, vaults_mumra_lcd, v_misc_1,
          nicolae_vaults_little_squares_2, nicolae_vaults_yaktaur_gun_rack,
          nicolae_vaults_mini_display_case, st_check,
          ontoclasm_vaults_claustrophobia, hangedman_vaults_slice,
          hangedman_vaults_stream, vaults_mumra_chevron, v_misc_24, v_misc_14,
          v_misc_17, v_misc_11, layout_vaults_maze
Vaults:2: nicolae_vaults_circle_grid_a, nicolae_vaults_specimen_jars,
          vaults_mumra_chevron_long, ontoclasm_vaults_ligature, v_alt_pattern_3,
          ontoclasm_vaults_gateway, vaults_standard_mumra_enter_the_diamond,
          vaults_room_fours, vaults_room_grunt_arrival_ludios,
          grunt_vaults_funnel, ontoclasm_vaults_eye, layout_vaults_omnigrid,
          serial_shops, bzr_entry_lakeside, uniq_xtahua
Vaults:3: vaults_room_door_ring, nicolae_vaults_ninety_degrees,
          ontoclasm_vaults_twist, nicolae_vaults_network_s, v_rooms_2,
          st_squares, ontoclasm_vaults_bender, v_misc_5, v_misc_14, v_pattern_5,
          grunt_vaults_hallway_long, minmay_crypt_entry_necro_gods,
          vaults_room_grid, vaults_dpeg_encased_lava,
          nicolae_vaults_little_squares_4, layout_vaults_omnibox, serial_shops,
          shop
Vaults:4: gammafunk_ghost_smash, nicolae_vaults_disjoint_gnomons,
          st_smaller_cells, nicolae_vaults_rhombus_5,
          nicolae_vaults_border_crossing, ontoclasm_vaults_loading_screen,
          vaults_room_door_hall, hangedman_vaults_nails,
          ontoclasm_vaults_misaligned, ontoclasm_vaults_loading_screen,
          v_pattern_2, layout_vaults_big_room, uniq_boris
Vaults:5
Crypt:1:  layout_chaotic_city, uniq_donald, uniq_sojobo, uniq_saint_roka
Crypt:2:  layout_basic, gammafunk_ghost_spectres
Crypt:3:  lightli_unholy_cathedral, layout_chaotic_city,
          nicolae_tomb_entry_rubble_hallway, uniq_frederick, uniq_mennas
Depths:1: layout_cave_pools, enter_ziggurat_f, hell_entry,
          grunt_pan_entry_sceptre, nicolae_qazlal_scattered_showers,
          roderic_lattice_octagonal_star
Depths:2: lemuel_minitomb, layout_cave_pools, serial_sigils,
          serial_sigils_hangedman_snap, serial_sigils_hangedman_snap,
          serial_sigils_hangedman_scratch, serial_sigils_hangedman_gnaw,
          serial_sigils_hangedman_etch, grunt_hell_entry_dis_old,
          abyss_entry_flame_altar, rand_demon_pan_entry_9,
          amcnicky_mini_pool_medium
Depths:3: minmay_the_grid_3x2 [minmay_the_grid_paths,
          minmay_the_grid_outer_diamond, minmay_the_grid_zigzag_pyramid,
          minmay_the_grid_outer_circle, minmay_the_grid_airy,
          minmay_the_grid_prize_inner_circle], layout_long_grid,
          hangedman_abyss_entry_splay, serial_bayou_pond_c, lightli_too_deep,
          minmay_shop_grove
Depths:4: evilmike_zot_entry_diamond, layout_small_grid, hell_entry,
          nicolae_tso_carved_into_rock, rand_demon_pan_entry_5,
          nemelex_lonely_heart_becter, minmay_shop_star
Hell
Dis:1:    layout_subdivisions
Dis:2:    layout_gridville, nicolae_dis_distal_crystal
Dis:3:    nicolae_dis_heavy_handed_symbolism
Geh:1:    layout_gehenna_lava_caves
Geh:2:    layout_gehenna_lava_caves
Geh:3:    nicolae_geh_split_lavaduct, layout_gehenna_pools_basic
Geh:4:    layout_gehenna_lava_caves
Geh:5:    layout_gehenna_pools_basic
Geh:6:    nicolae_geh_symmetric_flows, layout_gehenna_pools_box
Geh:7:    geh_mu
Coc:1:    layout_ice_bergs
Coc:2:    layout_cocytus_delve
Coc:3:    layout_ice_bergs
Coc:4:    layout_ice_bergs
Coc:5:    layout_cocytus_delve
Coc:6:    layout_cocytus_water_paths
Coc:7:    coc_dpeg
Zot:1:    layout_gridlike, st_small_dragon_hoard_5
Zot:2:    layout_basic
Zot:3:    layout_gridville
Zot:4:    layout_gridlike, chequers_guarded_unrand_mask_of_the_dragon

Skill      XL: |  1  2  3  4  5  6  7  8  9 10 11 12 13 14 15 16 17 18 19 20 21 22 23 24 25 26 27 |
---------------+----------------------------------------------------------------------------------+-----
Maces & Flails | 3 4 5 6 7 9 11 13 14 19 21 | 21.0
Fighting       | 4 6 7 9 12 14 17 18 19 21 22 26 27 | 27.0
Armour         | 5 7 9 11 15 16 17 21 24 27 | 27.0
Dodging        | 4 6 7 9 11 14 21 | 21.0
Shields        | 7 9 12 15 17 21 | 21.0
Invocations    | 8 9 13 19 23 26 27 | 27.0
Evocations     | 2 5 11 | 11.3
Throwing       | 7 10 13 15 16 27 | 27.0
Axes           | 4 12 | 12.2

Action                   |  1- 3 |  4- 6 |  7- 9 | 10-12 | 13-15 | 16-18 | 19-21 | 22-24 | 25-27 || total
-------------------------+-------+-------+-------+-------+-------+-------+-------+-------+-------++-------
Melee: Flail             |    66 |   108 |    80 |       |       |       |       |       |       ||   254
       Headbutt          |     7 |    17 |    49 |   181 |   453 |   375 |   581 |   692 |  1189 ||  3544
       Dire flail        |       |       |   148 |       |       |       |       |       |       ||   148
       Mace              |       |       |    33 |   600 |  1350 |       |       |       |       ||  1983
       Demon whip        |       |       |       |       |   163 |  1507 |   651 |       |       ||  2321
       Broad axe         |       |       |       |       |       |       |  1055 |  1229 |  1223 ||  3507
       Eveningstar       |       |       |       |       |       |       |   163 |   349 |       ||   512
       Sacred scourge    |       |       |       |       |       |       |       |   236 |  2140 ||  2376
Throw: Dart              |       |       |       |       |     5 |       |       |       |       ||     5
       Javelin           |       |       |       |       |       |    32 |       |    13 |    73 ||   118
Invok: Heroism           |       |       |       |       |     3 |     5 |     2 |     1 |       ||    11
       Finesse           |       |       |       |       |       |     1 |     1 |     1 |       ||     3
       Cleansing Flame   |       |       |       |       |       |       |       |     6 |    82 ||    88
       Brand Weapon With |       |       |       |       |       |       |       |     1 |       ||     1
       Divine Shield     |       |       |       |       |       |       |       |       |     4 ||     4
Evoke: Wand              |       |       |       |       |     9 |     2 |       |     2 |     8 ||    21
       Condenser vane    |       |       |       |       |       |     1 |       |       |       ||     1
  Use: Scroll            |       |     2 |       |     8 |    25 |    13 |     7 |    17 |     8 ||    80
       Potion            |       |       |     2 |       |       |     9 |     4 |     3 |    15 ||    33
 Stab: Distracted        |       |       |       |       |     1 |       |       |     1 |       ||     2
       Invisible         |       |       |       |       |       |     2 |       |       |       ||     2
       Confused          |       |       |       |       |       |     1 |       |       |       ||     1
       Held in net/web   |       |       |       |       |       |       |     2 |       |       ||     2
Armor: Scale mail        |    33 |    37 |     3 |       |       |       |       |       |       ||    73
       Chain mail        |       |       |    33 |       |       |       |    48 |   136 |       ||   217
       Plate armour      |       |       |    59 |   166 |   459 |   292 |   413 |       |       ||  1389
       Skin              |       |       |    12 |       |       |       |       |       |       ||    12
       Fire dragon scale |       |       |       |       |       |    62 |       |       |       ||    62
       Gold dragon scale |       |       |       |       |       |       |       |   266 |  1292 ||  1558
Dodge: Dodged            |    41 |    53 |   102 |   188 |   580 |   477 |   805 |   668 |  1318 ||  4232
       Repelled          |       |       |       |       |    10 |    23 |     6 |    26 |    77 ||   142
Block: Buckler           |    15 |    23 |    17 |       |       |       |       |       |       ||    55
       Kite shield       |       |       |       |   220 |   779 |   614 |   877 |   708 |  1720 ||  4918

Table legend: (Time is in decaauts)
 A = Elapsed time spent in this place.
 B = Non-inter-level travel time spent in this place.
 C = Inter-level travel time spent in this place.
 D = Time resting spent in this place.
 E = Time spent auto-exploring this place.
 F = Levels seen in this place.
 G = Mean time per level.
                   A        B        C        D        E       F      G
               +--------+--------+--------+--------+--------+-----+--------+
         Total |  91117 |  83680 |   7437 |  19813 |  44443 | 107 |  851.6 |
       Dungeon |  18208 |  15494 |   2714 |   3198 |   9628 |  15 | 1213.9 |
        Temple |    503 |    500 |      3 |      0 |    492 |   1 |  503.0 |
          Lair |   9687 |   8825 |    862 |   1880 |   5679 |   6 | 1614.5 |
        Shoals |   7674 |   7302 |    372 |   2269 |   3827 |   4 | 1918.5 |
   Spider Nest |   6163 |   5939 |    224 |   1486 |   3427 |   4 | 1540.8 |
    Slime Pits |   2270 |   2202 |     68 |   1157 |    483 |   5 |  454.0 |
  Orcish Mines |   2552 |   2137 |    415 |    952 |    807 |   2 | 1276.0 |
   Elven Halls |   8995 |   8739 |    256 |   3851 |   3576 |   3 | 2998.3 |
        Vaults |   8843 |   7871 |    972 |    604 |   5821 |   5 | 1768.6 |
         Crypt |   2942 |   2795 |    147 |    446 |   1655 |   3 |  980.7 |
        Depths |   5052 |   4373 |    679 |    246 |   3439 |   4 | 1263.0 |
          Hell |   1191 |   1062 |    129 |    342 |    450 |   1 | 1191.0 |
           Dis |    150 |    150 |      0 |     24 |     58 |   3 |   50.0 |
       Gehenna |   1133 |   1026 |    107 |     84 |    168 |   7 |  161.9 |
       Cocytus |   1679 |   1679 |      0 |    422 |      0 |   7 |  239.9 |
           Zot |   4005 |   3522 |    483 |    261 |   2602 |   4 | 1001.2 |
         Abyss |   1738 |   1738 |      0 |      0 |    762 |   4 |  434.5 |
   Pandemonium |   3662 |   3662 |      0 |    520 |    959 |  11 |  332.9 |
      Ziggurat |   1234 |   1234 |      0 |    565 |      0 |  14 |   88.1 |
        Bazaar |    101 |    101 |      0 |      0 |      0 |   1 |  101.0 |
      Ice Cave |   1429 |   1429 |      0 |    941 |    111 |   1 | 1429.0 |
        Wizlab |   1141 |   1141 |      0 |    450 |    407 |   1 | 1141.0 |
      Gauntlet |    754 |    754 |      0 |    111 |     89 |   1 |  754.0 |
               +--------+--------+--------+--------+--------+-----+--------+

Top non-repeatable levels by time:
   Elf:2: 3954 daAuts
   Elf:3: 3381 daAuts
Shoals:4: 2480 daAuts
Vaults:3: 2460 daAuts
Shoals:1: 2267 daAuts
    D:14: 2176 daAuts
  Lair:6: 2151 daAuts
Spider:2: 2069 daAuts
    D:15: 2001 daAuts
Vaults:1: 1987 daAuts
   Orc:2: 1963 daAuts
  Lair:3: 1934 daAuts
  Lair:5: 1854 daAuts
Vaults:4: 1704 daAuts
    D:10: 1668 daAuts
